 Dungeon Crawl Stone Soup version 0.19.1-1-g22dce08 (webtiles) character file.

87 Oxelix the Cudgeler (level 4, -1/44 HPs)
             Began as a Troll Berserker on Dec 30, 2016.
             Was a Believer of Trog.
             Killed by divine providence
             ... invoked by an orc priest
              (10 damage)
             ... on level 3 of the Dungeon.
             The game lasted 00:07:19 (1695 turns).

Oxelix the Cudgeler (Troll Berserker)               Turns: 1695, Time: 00:07:20

Health: -1/44      AC:  6    Str: 26    XL:     4   Next: 28%
Magic:  3/3        EV: 10    Int:  3    God:    Trog [**....]
Gold:   154        SH:  0    Dex:  9    Spells: 0 memorised, 3 levels left

rFire  . . .     SeeInvis +     a - +0 mace
rCold  . . .     Gourm    +     b - +0 animal skin
rNeg   . . .     Faith    .     (no shield)
rPois  .         Spirit   .     (helmet restricted)
rElec  .         Reflect  .     g - +0 cloak
rCorr  .         Harm     .     (gloves unavailable)
MR     .....                    (boots unavailable)
Stlth  +.........               (no amulet)
                                (no ring)
                                e - ring of see invisible

@: no status effects
A: unfitting armour, claws 3, fast metabolism 3, gourmand, regeneration 1,
shaggy fur 1, tough skin 2
a: Berserk, Trog's Hand, Burn Spellbooks, Renounce Religion


You were on level 3 of the Dungeon.
You worshipped Trog.
Trog was pleased with you.
You were not hungry.

You visited 1 branch of the dungeon, and saw 3 of its levels.

You collected 154 gold pieces.

Inventory:

Hand Weapons
 a - a +0 mace (weapon)
Armour
 b - a +0 animal skin (worn)
 g - a +0 cloak (worn)
Jewellery
 e - a ring of see invisible (left claw)
Scrolls
 d - 2 scrolls of teleportation {unknown}
 f - a scroll of blinking {unknown}
 i - a scroll of identify {unknown}
 k - a scroll of remove curse
 l - 2 scrolls of amnesia {unknown}
 n - a scroll of random uselessness {unknown}
Potions
 h - a potion of heal wounds {unknown}
 o - a potion of flight
Comestibles
 c - 4 bread rations
 j - a slice of pizza
 m - a royal jelly


   Skills:
 - Level 2.5 Fighting
 * Level 4.5 Maces & Flails
 - Level 2.5 Dodging


You had 3 spell levels left.
You didn't know any spells.

Dungeon Overview and Level Annotations

Branches:
Dungeon (3/15)

Altars:
Yredelemnul


Innate Abilities, Weirdness & Mutations

You are too large for most types of armour.
You have claws for hands.
Your metabolism is lightning-fast.
You like to eat raw meat.
Your natural rate of healing is unusually fast.
You are covered in fur. (AC +1)
You have very tough skin. (AC +2)


Message History

The orc hits you but does no damage. The orc priest barely misses you.
You closely miss the orc priest. The bat hits you but does no damage.
The orc hits you with a dagger.
The orc priest hits you but does no damage.
The orc hits you with a dagger.
You hit the orc priest.
The orc priest is moderately wounded.
The bat hits you but does no damage. x2; The orc priest misses you.
The orc hits you with a dagger.
You closely miss the orc priest.
The orc priest is moderately wounded.
The bat closely misses you.
The orc priest invokes the aid of Beogh against you.
Beogh smites you!
* * * LOW HITPOINT WARNING * * *
The orc barely misses you.
You fail to use your ability.
The bat hits you but does no damage.
The orc priest mumbles some strange prayers to Beogh against you.
Beogh smites you!
You die...

....(....
.......%..
.......#..
#...(....
##......#
#.####!......#
#............#
#.....<.....#
#.....†@b..##
#......oo.##
#....###.##
#.... ..
!..... ...
.#... ####
#...


You could see an orc priest, an orc and a bat.

Vanquished Creatures
  5 adders (D:2)
  2 dart slugs (D:2)
  2 leopard geckos
  3 orcs (D:3)
  2 bats (D:2)
  4 hobgoblins
  7 kobolds
  A quokka (D:2)
  6 goblins
  2 rats
  A spectral orc (D:2)
35 creatures vanquished.

Notes
Turn   | Place    | Note
-------+----------+-------------------------------------------
     0 | D:1      | Oxelix the Troll Berserker began the quest for the Orb.
     0 | D:1      | Reached XP level 1. HP: 22/22 MP: 0/0
   190 | D:1      | Reached skill level 3 in Maces & Flails
   213 | D:1      | Reached XP level 2. HP: 24/29 MP: 1/1
   857 | D:2      | Reached XP level 3. HP: 35/36 MP: 2/2
  1079 | D:2      | Found a basalt altar of Yredelemnul.
  1141 | D:2      | Reached skill level 4 in Maces & Flails
  1550 | D:2      | Reached ** piety under Trog
  1550 | D:2      | Reached XP level 4. HP: 44/44 MP: 3/3
  1695 | D:3      | Killed from afar by an orc priest

Skill      XL: |  1  2  3 |
---------------+----------+-----
Maces & Flails | 3 4 |  4.5
Fighting       | |  2.5
Dodging        | |  2.5

Action                   |  1- 3 |  4- 6 || total
-------------------------+-------+-------++-------
Melee: Mace              |    99 |    18 ||   117
  Use: Scroll            |     1 |       ||     1
       Potion            |     1 |     1 ||     2
 Stab: Sleeping          |     1 |       ||     1
  Eat: Chunk             |    11 |     2 ||    13
Armor: Animal skin       |    37 |    16 ||    53
Dodge: Dodged            |    51 |    19 ||    70
